 Dungeon Crawl Stone Soup version 0.16-a0-3501-g08befd0 (webtiles) character file.

122131 Jon2 the Unseen (level 16, 43/96 HPs)
             Began as a Vampire Enchanter on Jan 2, 2015.
             Was a High Priest of Dithmenos.
             Quit the game on level 15 of the Dungeon on Jan 6, 2015.
             The game lasted 04:10:12 (35837 turns).

Jon2 the Unseen (Vampire Enchanter)                Turns: 35837, Time: 04:10:13

Health: 43/96      AC: 14    Str:  7    XL:     16   Next: 34%
Magic:  30/30      EV: 19    Int: 22    God:    Dithmenos [*****.]
Gold:   2460       SH:  3    Dex: 14    Spells: 4 memorised, 10 levels left

rFire  + . .     SeeInvis +     y - +9 dagger of Indignation {speed, +Inv MR+ Stlth++}
rCold  + + .     Clarity  +     M - +2 robe {MR+}
rNeg   + + +     SustAb   .     Z - +0 buckler
rPois  ∞         Gourm    .     h - +1 helmet
rElec  .         Spirit   .     n - +1 cloak {MR+}
rCorr  .         Warding  .     A - +2 pair of gloves
rMut   .         Stasis   .     R - +2 pair of boots {Fly}
MR     ++++.                    P - amulet of clarity
Stlth  ++++++++++               K - ring of protection from fire
                                o - ring of magical power

@: flying, bloodless, non-regenerating, wreathed by umbra, studying Ice Magic,
incredibly resistant to hostile enchantments, uncannily stealthy
A: bottle blood, fangs 3, see invisible, unbreathing
a: Bat Form, Shadow Step, Shadow Form, Renounce Religion, Evoke Invisibility,
Stop Flying


You were on level 15 of the Dungeon.
You worshipped Dithmenos.
Dithmenos was extremely pleased with you.
You were bloodless.

You visited 5 branches of the dungeon, and saw 31 of its levels.
You also visited: Ice Cave.

You collected 3480 gold pieces.
You spent 1020 gold pieces at shops.

Inventory:

Hand weapons
 y - the +9 dagger of Indignation (weapon) {speed, +Inv MR+ Stlth++}
   (You found it on level 4 of the Dungeon)

   Attacks with this weapon are significantly faster.
   It affects your resistance to hostile enchantments.
   It lets you turn invisible.
   It makes you much more stealthy.
Armour
 h - a +1 helmet (worn)
 n - a +1 cloak of magic resistance (worn)
 t - a +2 robe of positive energy
 A - a +2 pair of gloves (worn)
 C - the +0 pair of boots of the Cuttlefish {rC+ Slay+5 Stlth+}
   (You found it on level 15 of the Dungeon)

   It affects your accuracy and damage with ranged weapons and melee attacks
   (+5).
   It protects you from cold.
   It makes you more stealthy.
 M - a +2 robe of magic resistance (worn)
 R - a +2 pair of boots of flying (worn)
 Y - a +2 cloak of invisibility
 Z - a +0 buckler (worn)
Jewellery
 d - an uncursed ring of sustain abilities
 o - a ring of magical power (left hand)
 B - an uncursed ring of teleportation
 K - a ring of protection from fire (right hand)
 P - an amulet of clarity (around neck)
Magical devices
 a - a wand of paralysis (16)
 g - a wand of disintegration (2)
 j - a wand of lightning (5)
 q - a wand of digging (5)
 r - a wand of heal wounds (1)
 u - a wand of draining (3)
 v - a wand of paralysis (10)
 E - a wand of polymorph (7)
 J - a wand of teleportation (4)
 O - a wand of digging (19)
 S - a wand of draining (5)
 X - a wand of cold (7)
Scrolls
 b - 3 scrolls of remove curse
 e - 2 scrolls of enchant armour
 f - 5 scrolls of amnesia
 i - 11 scrolls of identify
 l - 2 scrolls of fear
 x - a scroll of silence
 Q - 2 scrolls of fog
 T - 2 scrolls of blinking
 U - 6 scrolls of teleportation
 V - a scroll of enchant weapon
Potions
 k - a potion of cancellation
 m - a potion of might
 p - 3 potions of magic
 s - 4 potions of brilliance
 z - 12 potions of curing
 F - 6 potions of restore abilities
Books
 c - a book of Maledictions

   Spells                             Type                      Level
   a - Corona                         Hexes                        1
   b - Sure Blade                     Hexes/Charms                 2
   c - Ensorcelled Hibernation        Hexes/Ice                    2
   d - Confuse                        Hexes                        3
   e - Dazzling Spray                 Conjuration/Hexes            3
   f - Enslavement                    Hexes                        4
 D - a book of Clouds

   Spells                             Type                      Level
   a - Mephitic Cloud                 Conjuration/Poison/Air       3
   b - Conjure Flame                  Conjuration/Fire             3
   c - Poisonous Cloud                Conjuration/Poison/Air       6
   d - Freezing Cloud                 Conjuration/Ice/Air          6
   e - Ring of Flames                 Charms/Fire                  7
 G - a book of Unlife

   Spells                             Type                      Level
   a - Recall                         Summoning/Translocation      3
   b - Animate Dead                   Necromancy                   4
   c - Control Undead                 Necromancy                   4
   d - Cigotuvi's Embrace             Necromancy                   5
   e - Death Channel                  Necromancy                   6
   f - Simulacrum                     Ice/Necromancy               6
 N - a manual of Ice Magic
 W - Ozocubu's Incunabulum of the Snowflakes
   (You found it on level 6 of the Lair of Beasts)

   Spells                             Type                      Level
   a - Ensorcelled Hibernation        Hexes/Ice                    2
   b - Ozocubu's Armour               Charms/Ice                   3
   c - Throw Icicle                   Conjuration/Ice              4
   d - Summon Ice Beast               Ice/Summoning                4


   Skills:
 * Level 18.0 Short Blades
 + Level 13.0 Dodging
 * Level 20.5 Stealth
 - Level 2.0 Spellcasting
 + Level 17.2 Hexes
 + Level 13.4 Ice Magic


You had 10 spell levels left.
You knew the following spells:

 Your Spells              Type           Power        Failure   Level  Hunger
a - Corona                Hex            ######.      0%          1    #......
b - Ensorcelled Hibernat  Hex/Ice        ######       1%          2    ##.....
c - Confuse               Hex            ######..     1%          3    ###....
d - Ozocubu's Armour      Chrm/Ice       ####....     3%          3    ###....


Dungeon Overview and Level Annotations

Branches:
Dungeon (15/15)            Temple (1/1) D:7            Lair (8/8) D:10
  Swamp (3/5) Lair:3        Snake (0/5) Lair:5        Slime (0/6) Lair:8
    Orc (4/4) D:11            Elf (0/3) Orc:3        Vaults (0/5) D:13
 Depths (0/5) D:15

Altars:
Ashenzari
Cheibriados
Dithmenos
Elyvilon
Fedhas
Gozag
Kikubaaqudgha
Makhleb
Nemelex Xobeh
Okawaru
Qazlal
Ru
Sif Muna
Trog
Vehumet
Xom
Yredelemnul
Zin
The Shining One
Jiyva

Shops:
D:6 *   D:13 (*((}   Orc:4 ?*%*

Annotations:
D:15 Rupert


Innate Abilities, Weirdness & Mutations

You do not heal naturally.
You can bottle blood from corpses.
You have razor-sharp teeth.
You have supernaturally acute eyesight.
You can survive without breathing.


Message History

Level annotation: Rupert Welcome back, Jon2 the Vampire Enchanter.
Dithmenos says: Spread the eternal night.
Press ? for a list of commands and other information.
Level annotation: Rupert Welcome back, Jon2 the Vampire Enchanter.
Dithmenos says: Spread the eternal night.
Press ? for a list of commands and other information.
Unknown command.
Done exploring.
(D) Dungeon (T) Temple (L) Lair (S) Swamp (P) Snake Pit (M) Slime Pits (O) Orcish Mines (E) Elven Halls (V) Vaults (U) Depths
Where to? (? - help)
Okay, then.
Unknown command.
Unknown command.
Unknown command.
Unknown command.
Are you sure you want to abandon this character and quit the game? (Confirm with "yes".)

#....# #.[..............#
####....# #...........[...#.
#.......# #.................
#.......# #.#######.###.....
######..# #.# #.# #....# #..#
#.# #.# #...#. #..# #.# #.#
#..#.. #..#####.# #.# #.#...
#.......@# ##.###.....
#........######.)..######
#...................#..#.
#...................#[.##
#.........).........#....
###.##'##.............#....
#...#...#.............'...#
###...#...#.............#...#
#.....#.(.#.............#...#


There were no monsters in sight!

Vanquished Creatures
  An orc warlord (Orc:4)
  Maud (D:15)
  Azrael (D:14)
  Snorg (Orc:4)
  Josephine (D:15)
  A fire dragon (Lair:8)
  13 hydras
  Erica (D:12)
  A centaur warrior (D:12)
  2 dancing weapons (D:13)
  6 death yaks
  2 alligators (Swamp:1)
  Urug (D:12)
  Nergalle (D:13)
  A fire crab (Lair:8)
  2 swamp dragons
  2 unseen horrors (D:13)
  A shambling mangrove (Swamp:2)
  A lindwurm (Lair:8)
  An ice statue (IceCv)
  An obsidian statue (D:10)
  A necromancer (IceCv)
  A giant orange brain (D:15)
  8 hill giants
  2 wolf spider zombies (D:15)
  A griffon (Lair:8)
  A cyclops (shapeshifter) (D:15)
  4 orc knights
  3 orc sorcerers
  22 ugly things
  A moth of wrath (shapeshifter) (D:15)
  4 oklob plants (Lair:5)
  2 hornets
  4 elephants (Lair:4)
  15 slime creatures
  Maurice (D:13)
  Joseph (Orc:4)
  8 black mambas
  2 cyclopes (D:15)
  A torpor snail (Lair:8)
  A fire drake (shapeshifter) (D:15)
  3 gargoyles
  Psyche (D:12)
  19 spiny frogs
  2 kobold demonologists (D:14)
  7 komodo dragons
  An efreet (D:13)
  A wolf spider simulacrum (IceCv)
  10 fire drakes
  12 freezing wraiths
  5 trolls
  A giant leech (Swamp:1)
  Sonja (D:15)
  2 baby alligators (Swamp:1)
  10 polar bears
  3 bog bodies
  14 blink frogs
  3 raiju (Lair:8)
  2 harpy skeletons
  8 ravens
  4 basilisks
  A raiju (shapeshifter) (D:15)
  2 shadows
  A deep elf mage (D:12)
  2 hogs (shapeshifter) (D:15)
  22 yaks
  3 wraiths
  Eustachio (D:5)
  3 wyverns
  5 hungry ghosts
  2 hill giant zombies (D:11)
  17 hippogriffs
  A human (D:7)
  2 mottled dragons (Lair:8)
  11 wargs
  2 death yak simulacra (IceCv)
  A steam dragon (D:9)
  18 water moccasins
  46 wolves
  10 swamp worms
  12 porcupines
  14 vampire mosquitoes
  A soldier ant (D:12)
  3 sky beasts
  8 hell hounds
  A hornet simulacrum (D:15)
  A wasp (D:14)
  A swamp drake (shapeshifter) (D:14)
  20 ice beasts
  35 orc warriors
  14 centaurs
  2 eyes of draining
  14 black bears
  3 swamp drakes
  11 ogres
  18 crocodiles
  A boring beetle (Lair:7)
  2 big kobolds
  25 giant frogs
  Blork the orc (D:4)
  4 scorpions
  9 killer bees
  An elephant simulacrum (IceCv)
  4 centaur zombies
  18 wights
  A wasp zombie (D:12)
  9 crimson imps
  24 orc priests
  2 lava snakes (D:13)
  38 orc wizards
  3 giant frog zombies
  6 jellies
  5 draconian simulacra (IceCv)
  A quasit (D:10)
  30 hounds
  A wyvern simulacrum (D:15)
  3 centaur skeletons
  A gnoll shaman (D:7)
  A giant frog skeleton (D:9)
  16 iguanas
  Natasha (twice) (D:5)
  5 worker ants
  6 troll simulacra (IceCv)
  2 centaur simulacra (IceCv)
  18 sheep
  Ijyb (D:2)
  6 ogre zombies (D:11)
  4 mummies
  8 gnolls
  5 naga simulacra (IceCv)
  2 ogre simulacra (IceCv)
  23 adders
  75 river rats
  3 shadow imps
  12 white imps
  A giant mite (D:8)
  3 worms
  An adder zombie (D:9)
  5 giant geckos
  3 oozes
  174 orcs
  14 bats
  2 bat skeletons
  4 giant cockroaches
  13 goblins
  19 hobgoblins
  9 jackals
  12 quokkas
  4 giant newts
  A giant spore (D:12)
  2 goblin zombies (D:11)
  3 hobgoblin skeletons (D:11)
  A hobgoblin zombie (D:11)
  37 kobolds
  2 orc skeletons (D:11)
  16 orc zombies (D:11)
  24 rats
  6 ballistomycetes (D:12)
  A plant (Lair:8)
1277 creatures vanquished.

Vanquished Creatures (others)
  A harpy zombie (D:14)
  A water moccasin (D:11)
  An eye of draining (D:13)
  5 sheep (Lair:7)
  An adder (Lair:8)
  A white imp (IceCv)
  A goblin zombie (D:11)
  A kobold (D:14)
  9 fungi
  3 plants (Lair:8)
24 creatures vanquished.

Grand Total: 1301 creatures vanquished

Notes
Turn   | Place    | Note
--------------------------------------------------------------
     0 | D:1      | Jon2, the Vampire Enchanter, began the quest for the Orb.
     0 | D:1      | Reached XP level 1. HP: 13/13 MP: 3/3
   480 | D:1      | Reached XP level 2. HP: 11/19 MP: 4/4
   485 | D:1      | Learned a level 2 spell: Ensorcelled Hibernation
   892 | D:2      | Reached XP level 3. HP: 24/24 MP: 3/6
  1085 | D:2      | Found a white marble altar of Elyvilon.
  1085 | D:2      | Found a glowing golden altar of the Shining One.
  1086 | D:2      | Found an iron altar of Okawaru.
  1086 | D:2      | Found a basalt altar of Yredelemnul.
  1087 | D:2      | Found a shadowy altar of Dithmenos.
  1122 | D:2      | Became a worshipper of Dithmenos the Shadowed
  1739 | D:2      | Noticed Ijyb
  1749 | D:2      | Killed Ijyb
  1749 | D:2      | Reached skill level 5 in Stealth
  1749 | D:2      | Reached skill level 5 in Hexes
  1749 | D:2      | Reached XP level 4. HP: 30/30 MP: 7/7
  1834 | D:3      | Learned a level 3 spell: Confuse
  2316 | D:3      | Found a blossoming altar of Fedhas.
  2663 | D:3      | Reached XP level 5. HP: 35/35 MP: 9/9
  3101 | D:4      | Noticed Blork the orc
  3108 | D:4      | Killed Blork the orc
  3140 | D:4      | Reached skill level 6 in Stealth
  3691 | D:4      | Reached XP level 6. HP: 41/41 MP: 5/10
  3795 | D:4      | Got a steaming dagger
  3796 | D:4      | Identified the +9 dagger of Indignation {speed, +Inv MR+ Stlth++} (You found it on level 4 of the Dungeon)
  4226 | D:4      | Noticed an ogre
  4227 | D:4      | Noticed an ogre
  4237 | D:4      | Killed an ogre
  4237 | D:4      | Reached skill level 5 in Short Blades
  4240 | D:4      | Killed an ogre
  4240 | D:4      | Reached XP level 7. HP: 46/46 MP: 0/12
  4329 | D:4      | Reached skill level 7 in Stealth
  4403 | D:4      | Acquired Dithmenos' first power
  4669 | D:5      | Entered Level 5 of the Dungeon
  4685 | D:5      | Found a snail-covered altar of Cheibriados.
  4722 | D:5      | Noticed Eustachio
  4741 | D:5      | Killed Eustachio
  5000 | D:5      | Noticed Natasha
  5018 | D:5      | Killed Natasha
  5018 | D:5      | Reached skill level 5 in Dodging
  5050 | D:5      | Reached XP level 8. HP: 52/52 MP: 13/13
  5103 | D:5      | Reached skill level 8 in Stealth
  5343 | D:5      | Noticed Natasha
  5738 | D:5      | Killed Natasha
  5956 | D:6      | Found a glowing golden altar of the Shining One.
  5963 | D:6      | Found a bloodstained altar of Trog.
  5992 | D:6      | Found Doaps' Assorted Antiques.
  6132 | D:6      | Acquired Dithmenos' second power
  6241 | D:6      | Reached skill level 9 in Stealth
  6247 | D:6      | Bought a blackened silver wand for 92 gold pieces
  6384 | D:6      | Found a deep blue altar of Sif Muna.
  6758 | D:7      | Found a burning altar of Makhleb.
  6759 | D:7      | Found a shimmering altar of Xom.
  6880 | D:7      | Reached XP level 9. HP: 57/57 MP: 6/14
  6918 | D:7      | Found a staircase to the Ecumenical Temple.
  7253 | D:7      | Reached skill level 10 in Stealth
  7418 | Temple   | Entered the Ecumenical Temple
  7696 | D:8      | Found a stormy altar of Qazlal.
  7875 | D:8      | Acquired Dithmenos' third power
  8000 | D:8      | Reached skill level 10 in Hexes
  8144 | D:8      | Found a blossoming altar of Fedhas.
  8299 | D:9      | Reached XP level 10. HP: 51/63 MP: 10/16
  8302 | D:9      | Reached skill level 10 in Short Blades
  8302 | D:9      | Reached skill level 11 in Stealth
  9322 | D:9      | Found a radiant altar of Vehumet.
  9323 | D:9      | Found a blossoming altar of Fedhas.
  9514 | D:10     | Entered Level 10 of the Dungeon
  9647 | D:10     | Found a staircase to the Lair.
 10075 | D:10     | Noticed an obsidian statue
 10136 | D:10     | Noticed a rust devil
 10218 | D:10     | Upgraded the game from 0.16-a0-3465-g53c7d0b to 0.16-a0-3472-g5ce0ac0
 10610 | D:10     | Noticed a sixfirhy
 10617 | D:10     | Killed an obsidian statue
 10665 | D:11     | Reached skill level 12 in Stealth
 10761 | D:11     | Noticed a red ugly thing
 10764 | D:11     | Noticed an orc sorcerer
 10765 | D:11     | Found a staircase to the Orcish Mines.
 10779 | D:11     | Killed an orc sorcerer
 11007 | D:11     | Got a shimmering war axe
 11112 | D:11     | Reached XP level 11. HP: 63/68 MP: 17/17
 11619 | D:11     | Noticed a hill giant
 11633 | D:11     | Killed a hill giant
 11688 | D:11     | Killed a purple ugly thing
 11792 | D:12     | Noticed a centaur warrior
 11801 | D:12     | Noticed Erica
 11803 | D:12     | Noticed Urug
 11805 | D:12     | Killed Erica
 11807 | D:12     | Killed Urug
 11807 | D:12     | Reached skill level 13 in Stealth
 11827 | D:12     | Killed a centaur warrior
 11926 | D:12     | Noticed Psyche
 11934 | D:12     | Killed Psyche
 12020 | D:12     | Identified the cursed +0 war axe of World Downfall {drain, rC++ Str+3} (You found it on level 11 of the Dungeon)
 12096 | D:12     | Acquired Dithmenos' fourth power
 12332 | D:12     | Noticed a hill giant
 12338 | D:12     | Killed a hill giant
 12423 | D:12     | Noticed a hill giant
 12431 | D:12     | Killed a hill giant
 12667 | D:13     | Noticed Nergalle
 12683 | D:13     | Noticed a spectral orc warlord
 12685 | D:13     | Killed Nergalle
 12711 | D:13     | Found Vasythri's Assorted Antiques.
 12716 | D:13     | Noticed an unseen horror
 12730 | D:13     | Killed an unseen horror
 12740 | D:13     | Bought a runed cloak for 121 gold pieces
 12740 | D:13     | Bought a buckler for 121 gold pieces
 12740 | D:13     | Bought 2 emerald potions for 48 gold pieces
 12820 | D:13     | Noticed an enchanted long sword
 12831 | D:13     | Reached XP level 12. HP: 42/74 MP: 8/18
 13235 | D:12     | Reached skill level 14 in Stealth
 13639 | D:13     | Noticed an enchanted long sword
 13642 | D:13     | Found a gate to the Vaults.
 13644 | D:13     | Killed an enchanted long sword
 13644 | D:13     | Reached skill level 10 in Dodging
 13699 | D:13     | Found Ghicion's Antique Weapon Shoppe.
 13706 | D:13     | Bought a bloodstained short sword for 208 gold pieces
 13706 | D:13     | Identified the +7 short sword of Skirmishing {venom, Str+2} (You bought it in a shop on level 13 of the Dungeon)
 13744 | D:13     | Noticed Maurice
 13744 | D:13     | Noticed a hill giant
 13750 | D:13     | Killed a hill giant
 13755 | D:13     | Killed Maurice
 13766 | D:13     | Noticed an unseen horror
 13768 | D:13     | Killed an unseen horror
 13890 | D:13     | Killed an enchanted long sword
 14382 | D:13     | Found Skix Iri's Antique Weapon Shoppe.
 14385 | D:13     | Found Prea's Antique Weapon Shoppe.
 14475 | D:13     | Found Klaschil's Gadget Shop.
 14840 | Lair:1   | Entered Level 1 of the Lair of Beasts
 15157 | Lair:1   | Reached skill level 15 in Stealth
 16149 | Lair:3   | Found a staircase to the Swamp.
 16345 | Lair:3   | Noticed a five-headed hydra
 16356 | Lair:3   | Killed a five-headed hydra
 16564 | Lair:3   | Reached XP level 13. HP: 79/79 MP: 19/19
 17349 | Lair:4   | Reached skill level 15 in Short Blades
 17599 | Lair:4   | Reached skill level 16 in Stealth
 18302 | Lair:5   | Found a staircase to the Snake Pit.
 18782 | Lair:5   | Upgraded the game from 0.16-a0-3472-g5ce0ac0 to 0.16-a0-3496-g6490362
 19135 | Lair:6   | Reached skill level 15 in Hexes
 19138 | Lair:6   | Reached skill level 17 in Stealth
 19381 | Lair:6   | Identified Ozocubu's Incunabulum of the Snowflakes
 20082 | Lair:7   | Found a shimmering altar of Xom.
 20137 | Lair:7   | Reached XP level 14. HP: 85/85 MP: 13/20
 20407 | Lair:8   | Entered Level 8 of the Lair of Beasts
 20461 | Lair:8   | Found a viscous altar of Jiyva.
 20461 | Lair:8   | Found a staircase to the Slime Pits.
 20502 | Lair:8   | Reached skill level 18 in Stealth
 22439 | Lair:8   | Reached skill level 19 in Stealth
 22441 | Lair:8   | Got a transparent robe
 22462 | Lair:8   | Identified the cursed -4 robe of Hounazua {rPois rF+ Str+3} (You found it on level 8 of the Lair of Beasts)
 22812 | Lair:2   | Noticed a seven-headed hydra
 22838 | Lair:2   | Killed a seven-headed hydra
 23531 | Orc:1    | Entered Level 1 of the Orcish Mines
 24504 | Orc:3    | Found a dark tunnel.
 24533 | Orc:3    | Found a frozen archway.
 24557 | IceCv    | Entered an ice cave
 25481 | IceCv    | Reached XP level 15. HP: 85/90 MP: 21/21
 25535 | IceCv    | Found an ancient bone altar of Kikubaaqudgha.
 26434 | Lair:6   | Learned a level 3 spell: Ozocubu's Armour
 27094 | Orc:3    | Found a staircase to the Elven Halls.
 27326 | Orc:4    | Entered Level 4 of the Orcish Mines
 27475 | Orc:4    | Noticed Snorg
 27477 | Orc:4    | Noticed Joseph
 27493 | Orc:4    | Killed Snorg
 27493 | Orc:4    | Reached skill level 1 in Ice Magic
 27498 | Orc:4    | Killed Joseph
 28191 | Orc:4    | Found Bycerch's Food Shoppe.
 28191 | Orc:4    | Found Briofopsi's Assorted Antiques.
 28198 | Orc:4    | Found Esov's Magic Scroll Boutique.
 28200 | Orc:4    | Found Nil Um Reesch's General Store.
 28292 | Orc:4    | Reached skill level 20 in Stealth
 28306 | Orc:4    | Bought a scroll labeled PUYRU GOYF for 21 gold pieces
 28306 | Orc:4    | Bought a runed sapphire ring for 105 gold pieces
 28323 | Orc:4    | Bought a scroll of identify for 36 gold pieces
 28323 | Orc:4    | Bought a scroll of identify for 36 gold pieces
 28328 | Orc:4    | Bought a scroll of blinking for 112 gold pieces
 28328 | Orc:4    | Bought a scroll of identify for 30 gold pieces
 28328 | Orc:4    | Bought a scroll of identify for 30 gold pieces
 28328 | Orc:4    | Bought a scroll of identify for 30 gold pieces
 28328 | Orc:4    | Bought a scroll of identify for 30 gold pieces
 28886 | D:14     | Reached skill level 5 in Ice Magic
 29015 | D:14     | Noticed Azrael
 29020 | D:14     | HP: 4/90 [hell hound[Azrael] (4)]
 29027 | D:14     | Killed Azrael
 29461 | D:15     | Entered Level 15 of the Dungeon
 29533 | D:15     | Found a staircase to the Depths.
 29959 | D:15     | Got a pair of brightly glowing boots
 29970 | D:15     | Identified the cursed +0 pair of boots of the Cuttlefish {rC+ Slay+5 Stlth+} (You found it on level 15 of the Dungeon)
 30012 | D:15     | Noticed Maud
 30017 | D:15     | Killed Maud
 30017 | D:15     | Reached skill level 10 in Ice Magic
 30135 | D:15     | Noticed Rupert
 30734 | D:15     | Noticed Josephine
 30737 | D:15     | Killed Josephine
 30739 | D:15     | Noticed Sonja
 30743 | D:15     | Killed Sonja
 32097 | Swamp:1  | Entered Level 1 of the Swamp
 32118 | Swamp:1  | Reached XP level 16. HP: 69/96 MP: 6/21
 35837 | D:15     | Upgraded the game from 0.16-a0-3496-g6490362 to 0.16-a0-3501-g08befd0
 35837 | D:15     | Quit the game

Action                   |  1- 3 |  4- 6 |  7- 9 | 10-12 | 13-15 | 16-18 || total
-------------------------+-------+-------+-------+-------+-------+-------++-------
Melee: Dagger            |   143 |   158 |   260 |   787 |  1594 |   228 ||  3170
 Cast: Ensorcelled Hiber |     3 |    19 |    31 |    80 |   186 |    25 ||   344
       Confuse           |       |     2 |    11 |    43 |    57 |    14 ||   127
       Ozocubu's Armour  |       |       |       |       |       |     6 ||     6
Invok: Shadow Step       |       |       |       |     5 |    11 |     1 ||    17
 Abil: Evoke Invisibilit |       |       |     5 |     8 |    32 |       ||    45
       End Transformatio |       |       |       |     1 |       |       ||     1
       Bat Form          |       |       |       |     1 |       |       ||     1
       Evoke Flight      |       |       |       |     2 |       |     1 ||     3
       Stop Flying       |       |       |       |     1 |       |       ||     1
Evoke: Wand              |       |       |       |     9 |    16 |     5 ||    30
       tome              |       |       |       |     1 |       |       ||     1
  Use: Potion            |       |     3 |     4 |    13 |    10 |     6 ||    36
       Scroll            |       |       |    12 |    15 |    20 |     3 ||    50
 Stab: Sleeping          |     8 |    18 |    60 |   127 |   387 |    35 ||   635
       Distracted        |       |       |     3 |     7 |    14 |     1 ||    25
       Confused          |       |       |     5 |    17 |    33 |    12 ||    67
       Invisible         |       |       |     1 |    20 |    87 |       ||   108
  Eat: Corpse            |       |       |       |     1 |     1 |       ||     2
